AoeStats
← cisi1982

Migration

506600533Analyzed
1v1 RM · 19d ago on Sep 14, 2026· 50m 43s· 2 players
Game mode
Random Map
Map size
132×132
Population
200
Speed
Normal
Resources
Standard
Victory
Conquest
Starting age
Dark Age
Ending age
Imperial Age
RankedLock teamsTeams togetherTeam positionsShared explorationLock speedFull tech treeHidden civsTurbo modeCheats
Victory
Defeat
🇨🇿 Turks · Czechia
889
+16
🇫🇮 Teutons · Finland
879
-16
Hotsochu
9:49 Feudal Age
10:58 Double-Bit Axe
16:55 Castle Age
15:44 Gold Mining
15:42 Horse Collar
16:08 Fishing Lines
21:44 Bloodlines
22:54 Scale Barding Armor
23:00 Forging
25:01 Chain Barding Armor
25:50 Gillnets
27:39 Wheelbarrow
27:02 Stone Mining
27:15 Heavy Plow
27:34 Bow Saw
28:25 Iron Casting
30:35 Hand Cart
42:46 Fletching
44:31 Ballistics
46:46 Imperial Age
46:28 Ironclad
46:52 Cavalier
49:34 Conscription
49:36 Bodkin Arrow
cisi1982
12:13 Feudal Age
10:28 Loom
13:07 Double-Bit Axe
18:03 Castle Age
16:40 Fletching
16:52 Padded Archer Armor
18:28 Forging
19:21 Bow Saw
21:01 Bodkin Arrow
27:49 Scale Barding Armor
31:27 Fishing Lines
31:30 Demolition Ship
32:20 Horse Collar
32:35 Gold Mining
32:35 Stone Mining
35:59 Imperial Age
38:16 Cavalier
38:19 Heavy Camel Rider
40:31 Bloodlines
40:59 Iron Casting
43:47 Chain Barding Armor
47:21 Blast Furnace
46:56 Plate Barding Armor
47:07 Ballistics
50:36 Wheelbarrow
49:46 Town Watch
50:41 Bracer
50:56 Leather Archer Armor
50:07 Heavy Scorpion
Connection lost

Rejoining the realm…

Still unreachable

The connection could not be restored.

Session expired

The server has moved on; the page needs a fresh start.